 Dungeon Crawl Stone Soup version 0.28.0 (webtiles) character file.

Game seed: 17059160350576076716

167244 robertstho the Earth Mage (level 16, -2/136 HPs)
             Began as a Demigod Earth Elementalist on Feb 10, 2022.
             Constricted to death by a nagaraja (4 damage)
             ... on level 4 of the Snake Pit on Feb 11, 2022.
             The game lasted 01:50:29 (42834 turns).

robertstho the Earth Mage (DgEE)                   Turns: 42834, Time: 01:50:29

Health: -2/136     AC: 14    Str: 14    XL:     16   Next: 76%
Magic:  5/59       EV:  9    Int: 36    God:
Gold:   2661       SH:  7    Dex: 10    Spells: 18/47 levels left

rFire   + + +      SeeInvis .   q - +4 scimitar of the Ancient Coins {protect, Fly rElec Str+5 Int+2}
rCold   + + .      Faith    .   w - +3 buckler "Wyniatiy" {MP+9 Stlth+}
rNeg    . . .      Spirit   .   p - +0 troll leather armour
rPois   +          Reflect  .   A - +2 hat {Will+}
rElec   +          Harm     .   y - +1 cloak
rCorr   +          Rampage  .   B - +4 pair of gloves "Xeits" {rElec rC++ Will+ Int-3}
Will    +++..                   (no boots)
Stlth   +++.......              z - amulet of magic regeneration
HPRegen 1.12/turn               D - ring of Vyred {+Blink rF+++ rCorr MP+9 Dex-4}
MPRegen 0.76/turn               W - ring of poison resistance

@: lethally poisoned (-2 -> -4), flying, constricted, studying 4 skills
A: high MP 1, forlorn, divine attributes
a: Evoke Blink


You were on level 4 of the Snake Pit.
You visited 4 branches of the dungeon, and saw 26 of its levels.
You also visited: Ossuary, Bailey and Gauntlet.

You collected 4133 gold pieces.
You spent 1472 gold pieces at shops.

Inventory:

Hand Weapons
 q - the +4 scimitar of the Ancient Coins (weapon) {protect, Fly rElec Str+5 Int+2}
   (You found it on level 3 of the Lair of Beasts)

   It grants its wielder temporary protection when it strikes (+7 to AC).
   Str:       It affects your strength (+5).
   Int:       It affects your intelligence (+2).
   rElec:     It insulates you from electricity.
   Fly:       It grants you flight.
 K - a +2 great sword of holy wrath
 O - a +1 scimitar of flaming
Missiles
 c - 481 stones
Armour
 m - the +1 hat of Words of Power {rF+}
   (You found it on level 9 of the Dungeon)

   rF:        It protects you from fire.
 p - a +0 troll leather armour (worn)
 w - the +3 buckler "Wyniatiy" (worn) {MP+9 Stlth+}
   (You bought it in a shop on level 2 of the Orcish Mines)

   MP:        It affects your magic capacity (+9).
   Stlth:     It makes you more stealthy.
 y - a +1 cloak (worn)
 A - a +2 hat of willpower (worn)
 B - the +4 pair of gloves "Xeits" (worn) {rElec rC++ Will+ Int-3}
   (You found it on level 5 of the Dungeon)

   Int:       It affects your intelligence (-3).
   rC:        It greatly protects you from cold.
   rElec:     It insulates you from electricity.
   Will:      It increases your willpower.
 L - a +1 robe of cold resistance
Jewellery
 d - the ring of Biniph {rN+++ MP+9 Str-3 Dex-2 Stlth+}
   (You acquired it on level 2 of the Orcish Mines)

   [ring of magical power]

   Str:       It affects your strength (-3).
   Dex:       It affects your dexterity (-2).
   rN:        It renders you almost immune to negative energy.
   MP:        It affects your magic capacity (+9).
   Stlth:     It makes you more stealthy.
 v - a +4 ring of protection
 z - an amulet of magic regeneration (around neck)
 D - the ring of Vyred (left hand) {+Blink rF+++ rCorr MP+9 Dex-4}
   (You took it off a minotaur in a Gauntlet)

   [ring of magical power]

   Dex:       It affects your dexterity (-4).
   rF:        It renders you almost immune to fire.
   MP:        It affects your magic capacity (+9).
   +Blink:    It lets you blink.
   rCorr:     It protects you from acid and corrosion.
 T - the ring of Payrus {+Blink rF+ Str+10 Slay-2}
   (You found it on level 10 of the Dungeon)

   [ring of protection from fire]

   Str:       It affects your strength (+10).
   Slay:      It affects your accuracy & damage with ranged weapons and melee
   (-2).
   rF:        It protects you from fire.
   +Blink:    It lets you blink.
 W - a ring of poison resistance (right hand)
Wands
 s - a wand of iceblast (3)
 u - a wand of acid (1)
 G - a wand of digging (23)
 U - a wand of mindburst (10)
Scrolls
 i - 2 scrolls of enchant armour
 o - 3 scrolls of fog
 r - a scroll of blinking
 t - 5 scrolls of teleportation
 x - 7 scrolls of immolation
 E - 3 scrolls of enchant weapon
 F - 3 scrolls of identify
 J - 3 scrolls of silence
 M - a scroll of holy word
 N - a scroll of summoning
 S - 3 scrolls of magic mapping
Potions
 a - 2 potions of magic
 e - 12 potions of ambrosia
 g - 5 potions of curing
 h - a potion of cancellation
 j - 2 potions of invisibility
 l - 2 potions of might
 H - 3 potions of mutation
 I - 2 potions of resistance
 R - a potion of heal wounds
 X - 3 potions of berserk rage
Miscellaneous
 b - a condenser vane
 k - a phantom mirror
 C - a lightning rod (4/4)
 V - a condenser vane
 Z - a box of beasts


   Skills:
 * Level 10.7 Fighting
 + Level 1.6 Short Blades
 + Level 0.1(0.9) Long Blades
 * Level 6.2 Armour
 + Level 4.5 Dodging
 + Level 4.2 Stealth
 + Level 3.6 Shields
 * Level 16.2 Spellcasting
 + Level 9.5 Conjurations
 + Level 0.2 Translocations
 + Level 1.2 Transmutations
 * Level 17.1 Earth Magic
 + Level 0.2 Evocations


You had 18 spell levels left.
You knew the following spells:

 Your Spells              Type           Power      Damage    Failure   Level
a - Sandblast             Erth           100%       2d20      0%          1
b - Passwall              Tmut/Erth      63%        N/A       1%          2
c - Stone Arrow           Conj/Erth      100%       3d13      1%          3
d - Petrify               Tmut/Erth      76%        N/A       1%          4
e - Iron Shot             Conj/Erth      45%        9d9       1%          6
f - Iskenderun's Mystic   Conj/Tloc      59%        2d12      2%          4
g - Leda's Liquefaction   Hex/Erth       37%        N/A       1%          4
h - Iskenderun's Battles  Conj           78%        2d13      1%          5

Your spell library contained the following spells:

 Spells                   Type           Power      Damage    Failure   Level
 Shock                    Conj/Air       100%       1d9       1%          1
 Sting                    Tmut/Pois      100%       1d8       1%          1
 Summon Small Mammal      Summ           100%       N/A       1%          1
 Static Discharge         Conj/Air       59%        N/A       1%          2
 Dazzling Flash           Conj/Hex       100%       N/A       1%          3
 Hailstorm                Conj/Ice       59%        3d13      2%          4
 Corpse Rot               Necr/Air       58%        N/A       3%          2
 Poisonous Vapours        Pois/Air       58%        N/A       3%          2
 Portal Projectile        Hex/Tloc       60%        N/A       5%          3
 Call Canine Familiar     Summ           29%        N/A       6%          3
 Inner Flame              Hex/Fire       29%        N/A       6%          3
 Summon Guardian Golem    Hex/Summ       29%        N/A       6%          3
 Swiftness                Air            29%        N/A       6%          3
 Statue Form              Tmut/Erth      50%        N/A       7%          6
 Lightning Bolt           Conj/Air       29%        1d46      8%          5
 Ice Form                 Ice/Tmut       33%        N/A       16%         4
 Airstrike                Air            14%        N/A       21%         4
 Cause Fear               Hex            14%        N/A       21%         4
 Olgreb's Toxic Radiance  Pois           29%        N/A       21%         4
 Starburst                Conj/Fire      29%        6d9       41%         6
 Metabolic Englaciation   Hex/Ice        14%        N/A       50%         5
 Spellforged Servitor     Conj/Summ      29%        N/A       94%         7
 Simulacrum               Ice/Necr       14%        N/A       97%         6
 Discord                  Hex            14%        N/A       100%        8
 Maxwell's Capacitive Co  Air            14%        ∞         100%        8


Dungeon Overview and Level Annotations

Branches:
Dungeon (14/15)            Temple (0/1) D:6            Lair (6/6) D:9
  Swamp (0/4) Lair:4        Snake (4/4) Lair:2        Slime (0/5) Lair:5
    Orc (2/2) D:12            Elf (0/3) Orc:2        Vaults (0/5) D:13
Ossuary (visited)          Bailey (visited)         Gauntlet (visited)

Shops:
D:5 *   Orc:2 !*([   Snake:3 **

Portals:
Trove: D:12 (give +4 shadow dragon scales)


Innate Abilities, Weirdness & Mutations

You have an increased reservoir of magic. (+10% MP)
You shall have no god before yourself.
Your divine heritage dramatically boosts your attributes as you level up.


Message History

The naga spits poison at you. The splash of poison misses you.
The splash of poison hits your battlesphere.
Your battlesphere completely resists.
The nagaraja barely misses you. The nagaraja grabs you.
The nagaraja constricts you.
The naga warrior hits you from afar with a +0 trident!!
Casting: Iron Shot (dangerous; 1% risk of failure)
Confirm with . or Enter, or press ? or * to list all spells.
Aiming: Iron Shot (dangerous; 1% risk of failure)
Press: ? - help, Shift-Dir - straight line, f/p - naga warrior
Aim: a naga warrior, wielding a +0 trident and wearing a +2 kite shield of reflection (heavily wounded, 81% to hit)
The naga warrior reflects the iron shot off its +2 kite shield of reflection!
The iron shot misses you.
Your battlesphere fires!
The barrage of energy hits the naga!
The naga is almost dead.
The nagaraja points at you and mumbles some strange words.
The poison arrow hits you!
You are poisoned.
You partially resist. The nagaraja constricts you.
The naga warrior hits you from afar with a +0 trident!!
* * * LOW HITPOINT WARNING * * *
Casting: Iron Shot (dangerous; 1% risk of failure)
Confirm with . or Enter, or press ? or * to list all spells.
You erupt in a blast of force!
The mystic blast hits the naga warrior!
The naga warrior is heavily wounded.
The naga warrior is knocked back by the mystic blast.
The mystic blast hits the naga!
You kill the naga!
The mystic blast hits the nagaraja but does no damage.
You feel sick.
You hear a shout!
Your battlesphere fires!
The barrage of energy hits the naga warrior.
The naga warrior is heavily wounded.
The nagaraja hits you with a +0 club!!
* * * LOW HITPOINT WARNING * * *
The nagaraja constricts you.
You die...

........... #...#.....
.#....[.... ....N....
#....).# #......#
#....).# #....@N#
##.*..## #...)#
#############....##
..................#
.................####...
........................
.............#.........#
.............#.......###


You could see a naga warrior (ally target), a nagaraja (fast, strong) and a
friendly battlesphere.

Vanquished Creatures
  3 nagarajas (Snake:2)
  Donald (Snake:4)
  A frost giant (D:14)
  An orc warlord (Orc:2)
  Aizul (Snake:1)
  An ironbound preserver (D:13)
  5 entropy weavers (Lair:3)
  A dire elephant (Lair:6)
  A minotaur (Gauntlet)
  The ghost of Theoretic the Zephyrmancer, a journeyman TeEE of Sif Muna (Lair:1)
  Harold (D:9)
  4 ogre magi (Orc:2)
  2 boulder beetles
  6 anacondas
  A salamander tyrant (Snake:2)
  8 naga warriors
  20 two-headed ogres
  3 ghost crabs (Lair:3)
  9 hydras
  5 centaur warriors
  12 death yaks
  3 catoblepae
  A tengu warrior (D:13)
  A death knight (D:14)
  Erica (D:9)
  The ghost of PBDoughboyy the Basher, a novice GnCA of Ignis (D:9)
  A deep troll shaman (Lair:6)
  8 naga sharpshooters
  2 orc high priests
  5 shock serpents
  3 salamander mystics
  A sixfirhy (Gauntlet)
  5 fire crabs
  13 sea snakes
  2 bog bodies (Lair:4)
  4 naga ritualists
  4 orc knights
  A necromancer (Gauntlet)
  A lindwurm (Lair:2)
  9 mana vipers
  2 deep elf pyromancers
  5 ugly things
  2 oklob plants (Lair:5)
  3 manticores
  14 salamanders
  A worldbinder (Gauntlet)
  8 cyclopes
  2 guardian serpents
  Maurice (D:12)
  An apocalypse crab (Lair:3)
  8 naga magi
  6 elephants (Lair:6)
  40 black mambas
  12 cane toads
  2 gargoyles
  5 rime drakes
  14 komodo dragons
  4 tengu conjurers (D:13)
  A queen bee (Lair:2)
  5 trolls
  4 polar bears
  2 hornets (D:9)
  Grinder (D:3)
  12 slime creatures
  12 blink frogs
  15 dream sheep
  2 shadows
  14 yaks
  3 wraiths
  3 wyverns
  7 basilisks
  3 fire bats (Gauntlet)
  A steam dragon (D:7)
  32 nagas
  5 vampire mosquitoes (D:6)
  5 wargs
  An acid dragon (D:12)
  23 water moccasins
  Duvessa (D:7)
  30 orc warriors
  A hornet zombie (D:7)
  3 sky beasts
  3 ice beasts
  3 centaurs
  35 ogres
  2 boggarts (Gauntlet)
  3 black bears
  14 wolves
  A phantom (D:7)
  4 kobold brigands
  17 bullfrogs
  2 gnoll sergeants
  3 scorpions
  A water moccasin zombie (D:4)
  A wyvern zombie (D:8)
  Dowan (D:7)
  32 killer bees
  9 wights
  7 electric eels
  6 howler monkeys
  6 hounds
  6 jellies
  23 orc priests
  A gnoll shaman (D:10)
  A bullfrog skeleton (D:6)
  A scorpion zombie (D:3)
  An iguana (D:5)
  21 orc wizards
  Ijyb (D:4)
  A hound skeleton (D:5)
  9 mummies
  3 howler monkey zombies
  A howler monkey skeleton (D:7)
  19 gnolls
  2 adders
  2 shadow imps (D:7)
  A white imp (D:6)
  4 ufetubi
  An adder skeleton (D:4)
  An adder zombie (D:3)
  2 worms (D:4)
  6 dart slugs
  114 orcs
  4 ball pythons
  2 bats
  13 endoplasms
  2 giant cockroaches
  19 goblins
  17 hobgoblins
  11 jackals
  3 quokkas
  3 frilled lizards
  A gnoll zombie (Ossuary)
  A goblin zombie (D:4)
  4 hobgoblin zombies (Ossuary)
  A jackal skeleton (D:4)
  45 kobolds
  A kobold zombie (D:4)
  3 orc zombies (Ossuary)
  A quokka skeleton (D:4)
  5 rats
976 creatures vanquished.

Vanquished Creatures (collateral kills)
  A naga warrior (Snake:1)
  2 water moccasins (Lair:3)
3 creatures vanquished.

Vanquished Creatures (others)
  65 fungi
  113 plants
178 creatures vanquished.

Grand Total: 1157 creatures vanquished

Notes
Turn   | Place    | Note
-------+----------+-------------------------------------------
     0 | D:1      | robertstho the Demigod Earth Elementalist began the quest
                  | for the Orb.
     0 | D:1      | Reached XP level 1. HP: 14/14 MP: 5/5
    62 | D:1      | Reached skill level 3 in Earth Magic
   580 | D:1      | Reached XP level 2. HP: 18/20 MP: 5/7
  1051 | D:1      | Reached XP level 3. HP: 20/26 MP: 9/9
  1908 | D:1      | Learned a level 2 spell: Passwall
  1912 | D:1      | Learned a level 3 spell: Stone Arrow
  2474 | D:2      | You fall into a shaft and drop 1 floor!
  2804 | D:2      | Reached XP level 4. HP: 31/33 MP: 7/10
  2883 | D:2      | Noticed an ogre
  3472 | D:3      | Reached skill level 1 in Short Blades
  3925 | D:3      | Noticed Grinder
  3935 | D:3      | Killed Grinder
  3936 | D:3      | Reached skill level 1 in Fighting
  3936 | D:3      | Reached skill level 4 in Earth Magic
  3936 | D:3      | Reached XP level 5. HP: 10/40 MP: 3/13
  3936 | D:3      | Reached XP level 6. HP: 12/47 MP: 3/14
  3941 | D:3      | Learned a level 4 spell: Petrify
  5289 | D:4      | Noticed Ijyb
  5293 | D:4      | Killed Ijyb
  5550 | D:4      | Found a sand-covered staircase.
  5556 | Ossuary  | Entered an ossuary
  5664 | Ossuary  | Reached skill level 5 in Earth Magic
  5915 | Ossuary  | Reached XP level 7. HP: 55/55 MP: 6/16
  6899 | D:4      | Identified the +7 dagger of Mampihenk {vamp, rCorr}
  7097 | D:4      | Reached skill level 1 in Conjurations
  7382 | D:5      | Entered Level 5 of the Dungeon
  7385 | D:5      | Reached skill level 5 in Spellcasting
  7646 | D:5      | Reached skill level 6 in Earth Magic
  7729 | D:5      | Reached XP level 8. HP: 62/62 MP: 2/19
  8048 | D:5      | Found Luwny's Neck Hole.
  8051 | D:5      | Bought an amulet of magic regeneration for 390 gold pieces
  8154 | D:5      | Identified the +4 pair of gloves "Xeits" {rElec rC++ Will+
                  | Int-3}
  8235 | D:5      | Got Sif Muna's Compendium of Air
  8591 | D:6      | Reached skill level 7 in Earth Magic
  8735 | D:6      | Reached XP level 9. HP: 58/70 MP: 7/22
  8918 | D:6      | Found a staircase to the Ecumenical Temple.
  9314 | D:6      | Reached skill level 1 in Armour
  9314 | D:6      | Reached skill level 8 in Earth Magic
 10299 | D:7      | Noticed Duvessa
 10303 | D:7      | Noticed Dowan
 10307 | D:7      | Killed Duvessa
 10308 | D:7      | Killed Dowan
 10506 | D:8      | Reached skill level 9 in Earth Magic
 10511 | D:8      | Reached XP level 10. HP: 52/80 MP: 5/25
 11375 | D:9      | Reached skill level 5 in Fighting
 11611 | D:9      | Noticed Erica
 11616 | D:9      | Killed Erica
 11684 | D:9      | Found a runed translucent gate.
 11684 | D:9      | Found a runed translucent gate.
 11687 | D:9      | Noticed PBDoughboyy's ghost (novice GnCA)
 11688 | D:9      | Found a runed translucent gate.
 11691 | D:9      | Identified the ring "Noeraps" {Int+6 Dex+2}
 11766 | D:9      | Noticed Harold
 11942 | D:9      | Reached skill level 10 in Earth Magic
 12073 | D:9      | Reached skill level 1 in Shields
 12198 | D:9      | Found a staircase to the Lair.
 12314 | D:9      | Reached XP level 11. HP: 89/89 MP: 20/28
 12548 | D:9      | Killed Harold
 12653 | D:10     | Entered Level 10 of the Dungeon
 12658 | D:10     | Found a flagged portal.
 12674 | Bailey   | Entered a bailey
 12787 | Bailey   | Noticed an orc knight
 12815 | Bailey   | Killed an orc knight
 12816 | Bailey   | Reached skill level 1 in Transmutations
 13212 | D:10     | Identified the +1 pair of gloves "Cetoizxao" {Dex+2}
 13301 | D:10     | Identified the ring of Payrus {+Blink rF+ Str+10 Slay-2}
 13316 | D:10     | Noticed a two-headed ogre
 13344 | D:10     | Killed a two-headed ogre
 13928 | D:10     | Noticed an orc knight
 13955 | D:10     | Killed an orc knight
 14274 | D:11     | Reached skill level 11 in Earth Magic
 14306 | D:11     | Noticed a five-headed hydra
 14314 | D:11     | Killed a five-headed hydra
 14315 | D:11     | Reached skill level 10 in Spellcasting
 15220 | Lair:1   | Entered Level 1 of the Lair of Beasts
 15237 | Lair:1   | Found a runed translucent gate.
 15237 | Lair:1   | Found a runed translucent gate.
 15237 | Lair:1   | Found a runed translucent gate.
 15238 | Lair:1   | Noticed Theoretic's ghost (journeyman TeEE)
 15551 | Lair:1   | Noticed an eight-headed hydra
 15556 | Lair:1   | Killed an eight-headed hydra
 15877 | Lair:1   | You fall into a shaft and drop 1 floor!
 16487 | Lair:2   | Reached XP level 12. HP: 97/97 MP: 27/31
 16937 | Lair:2   | Found a staircase to the Snake Pit.
 17555 | Lair:2   | Reached skill level 12 in Earth Magic
 17863 | Lair:3   | Reached skill level 5 in Conjurations
 17868 | Lair:3   | Noticed a four-headed hydra
 17879 | Lair:3   | Killed a four-headed hydra
 18228 | Lair:3   | Found a gate leading to a gauntlet.
 18246 | Gauntlet | Entered a Gauntlet
 18246 | Gauntlet | Found a transporter.
 18246 | Gauntlet | Found a transporter.
 18262 | Gauntlet | Found a transporter.
 18266 | Gauntlet | Found a transporter.
 18276 | Gauntlet | Found a transporter.
 18305 | Gauntlet | Found a transporter.
 18305 | Gauntlet | Found a transporter.
 18312 | Gauntlet | Found a transporter.
 18354 | Gauntlet | Found a transporter.
 18372 | Gauntlet | Found a transporter.
 18380 | Gauntlet | Found a transporter.
 18400 | Gauntlet | Found a transporter.
 18741 | Gauntlet | Identified the ring of Vyred {+Blink rF+++ rCorr MP+9
                  | Dex-4}
 18741 | Gauntlet | Noticed a minotaur
 18749 | Gauntlet | Killed a minotaur
 19290 | Lair:3   | Noticed a catoblepas
 19294 | Lair:3   | Found a runed translucent door.
 19594 | Lair:3   | Reached XP level 13. HP: 105/105 MP: 31/33
 20013 | Lair:3   | Noticed an entropy weaver
 20021 | Lair:3   | Killed an entropy weaver
 20151 | Lair:3   | Noticed an entropy weaver
 20159 | Lair:3   | Killed an entropy weaver
 20310 | Lair:3   | Reached skill level 13 in Earth Magic
 20342 | Lair:3   | Noticed an entropy weaver
 20352 | Lair:3   | Killed an entropy weaver
 20623 | Lair:3   | Noticed an entropy weaver
 20631 | Lair:3   | Killed an entropy weaver
 20879 | Lair:3   | Noticed an entropy weaver
 20886 | Lair:3   | Killed an entropy weaver
 21208 | Lair:3   | Identified the +4 scimitar of the Ancient Coins {protect,
                  | Fly rElec Str+5 Int+2}
 21926 | Lair:4   | Found a staircase to the Swamp.
 23074 | Lair:5   | Found a staircase to the Slime Pits.
 23960 | Lair:6   | Entered Level 6 of the Lair of Beasts
 24774 | Lair:6   | Reached skill level 14 in Earth Magic
 25028 | Lair:5   | Reached XP level 14. HP: 101/116 MP: 30/36
 27227 | Lair:6   | Identified the +2 glaive "Jellyslayer" {drain, rPois Dex-4
                  | Stlth+}
 28339 | Lair:1   | Killed Theoretic's ghost
 28880 | D:9      | Identified the +1 hat of Words of Power {rF+}
 28928 | D:9      | Killed PBDoughboyy's ghost
 29597 | D:12     | Noticed Maurice
 29604 | D:12     | Killed Maurice
 29962 | D:12     | Found a portal to a secret trove of treasure.
 30035 | D:12     | Found a staircase to the Orcish Mines.
 30168 | D:12     | Learned a level 6 spell: Iron Shot
 30200 | Orc:1    | Entered Level 1 of the Orcish Mines
 31335 | Orc:2    | Entered Level 2 of the Orcish Mines
 31335 | Orc:2    | Found a staircase to the Elven Halls.
 32365 | Orc:2    | Found Hienn's Armour Shop.
 32365 | Orc:2    | Found Riuwo's Assorted Antiques.
 32365 | Orc:2    | Found Wyucis's Weapon Emporium.
 32365 | Orc:2    | Found Odioha's Distillery.
 32666 | Orc:2    | Reached skill level 15 in Earth Magic
 32929 | Orc:2    | Reached XP level 15. HP: 120/124 MP: 38/38
 33038 | Orc:2    | Bought the +3 buckler "Wyniatiy" {MP+9 Stlth+} for 674 gold
                  | pieces
 33052 | Orc:2    | Bought a scroll of identify for 58 gold pieces
 33052 | Orc:2    | Bought a coppery potion for 26 gold pieces
 33065 | Orc:2    | Bought a potion of cancellation for 96 gold pieces
 33065 | Orc:2    | Bought a potion of curing for 36 gold pieces
 33065 | Orc:2    | Bought a potion of curing for 36 gold pieces
 33065 | Orc:2    | Bought a potion of heal wounds for 60 gold pieces
 33065 | Orc:2    | Bought a potion of lignification for 36 gold pieces
 33065 | Orc:2    | Bought a potion of berserk rage for 60 gold pieces
 33073 | Orc:2    | Identified a scroll of acquirement
 33080 | Orc:2    | Acquired the ring of Biniph {rN+++ MP+9 Str-3 Dex-2 Stlth+}
 34432 | D:13     | Found a gate to the Vaults.
 35353 | D:14     | Reached skill level 15 in Spellcasting
 37174 | Snake:1  | Entered Level 1 of the Snake Pit
 37583 | Snake:1  | Reached skill level 10 in Fighting
 37634 | Snake:1  | Noticed Aizul
 37637 | Snake:1  | Killed Aizul
 37886 | Snake:1  | Reached skill level 16 in Earth Magic
 38716 | Snake:2  | Noticed a nagaraja
 38782 | Snake:2  | Killed a nagaraja
 38879 | Lair:2   | Learned a level 4 spell: Iskenderun's Mystic Blast
 38884 | Lair:2   | Learned a level 4 spell: Leda's Liquefaction
 38934 | Snake:2  | Reached XP level 16. HP: 120/134 MP: 20/41
 39422 | Snake:2  | Reached skill level 5 in Armour
 42016 | Snake:3  | Learned a level 5 spell: Iskenderun's Battlesphere
 42254 | Snake:3  | Reached skill level 17 in Earth Magic
 42464 | Snake:3  | Found Moguw's Specific Store.
 42474 | Snake:3  | Found Wexuib's General Store.
 42632 | Snake:4  | Entered Level 4 of the Snake Pit
 42699 | Snake:4  | Noticed Donald
 42707 | Snake:4  | Killed Donald
 42834 | Snake:4  | HP: 2/136 [nagaraja (29)]
 42834 | Snake:4  | Constricted to death by a nagaraja

Illustrated notes

Levels and vault maps discovered:
D:1:      kennysheep_arrival_forest, layout_basic,
          hellmonk_ecumenical_altar_arch_garden, solitary_fountain
D:2:      minmay_recursive_quarters, layout_basic
D:3:      layout_basic, lemuel_zombie_altar_yredelemnul, uniq_grinder,
          uniq_crazy_yiuf_cottage
D:4:      layout_cave_pools, kennysheep_mini, nicolae_ossuary_entry_giza,
          minmay_misc_feat_iff, nicolae_elevator_lobby_asterisk, uniq_ijyb
D:5:      layout_loops_cross, nzn_overflow_gifts_of_might_and_magic,
          nicolae_gozag_cash_rules_everything_around_me, amcnicky_altar_gilded,
          dk_vineyard_2, kennysheep_another_room,
          nicolae_shop_sticking_my_neck_out
D:6:      layout_basic, nicolae_overflow_crystal_walls,
          overflow_temple_1_default, mainiacjoe_overflow_swirl,
          minmay_temple_entry_overgrown, minmay_manual_mail
D:7:      layout_rooms, serial_corexii_hall, corexii_hall_statues_s,
          corexii_hall_statues_t, lemuel_flamethrower_2, uniq_duvessa
D:8:      layout_cave_pools, minmay_misc_feat_rows
D:9:      layout_loops_ring, due_lair_maze_entry_diamond,
          biasface_ghost_orc_armoury, uniq_harold, uniq_erica
D:10:     cheibrodos_orc_bank, layout_rooms, lightli_bailey_entry_fortress,
          st_stairs_7, david_defended_altar_orc
D:11:     layout_roguey, dk_noncrumbling_4
D:12:     layout_rooms, hiddenorc1_lemuel, enter_trove_3,
          minmay_misc_feat_columns, serial_park_tiny_pond,
          worldfamousw_hep_ancestral_shrine, uniq_maurice
D:13:     layout_loops_ring, skrybe_vaults_entry_preservation,
          kennysheep_small_square
D:14:     cheibrodos_monumental, layout_loops_corners, nicolae_uskayaw_en_pointe
Lair:1:   layout_chaotic_city, gammafunk_ghost_split, serial_bayou_pond_d
Lair:2:   layout_cave_pods, minmay_snake_entry_guardpost_small, special_room
          [special_room_bee], infiniplex_staircase_pool
Lair:3:   gammafunk_mikee_crab_dinner, layout_loops_ring,
          gauntlet_entry_generic, hangedman_lair_generics_rect
Lair:4:   layout_gridlike, nicolae_swamp_entry_splash_gauntlet,
          beast_lair_carwin_6
Lair:5:   dpeg_oklob_gauntlet, layout_hall_layers,
          nicolae_slime_entry_slimehenge, basic_altar,
          kennysheep_catoblepas_arena
Lair:6:   grunt_lair_end_beastmaster, layout_cave_pods, lemuel_fruit_tree
Snake:1:  layout_chambers, st_stairs_8, uniq_aizul
Snake:2:  layout_chambers, serial_bayou_shore_a
Snake:3:  nicolae_sea_snake_s, layout_cave_pods, serial_bayou,
          serial_bayou_lagoon_b, serial_bayou_ford_a, serial_bayou_pond_b,
          serial_bayou_crossing, basic_altar, nicolae_specific_store
Snake:4:  minmay_snake_end_coiled, layout_layer_cave,
          nicolae_snake_linked_coils, uniq_donald, uniq_saint_roka
Orc:1:    layout_caves, minmay_orc_temple_c
Orc:2:    st_orc_ogre_mass, layout_caves, basic_altar

Skill      XL: |  1  2  3  4  5  6  7  8  9 10 11 12 13 14 15 16 |
---------------+-------------------------------------------------+-----
Earth Magic    | 3 4 5 6 7 9 10 11 12 14 15 16 17 | 17.1
Dodging        | 2 3 4 |  4.5
Spellcasting   | 2 3 4 5 6 7 9 10 11 13 14 15 16 | 16.2
Short Blades   | 1 |  1.6
Fighting       | 1 2 3 4 5 6 7 8 9 10 | 10.7
Stealth        | 2 3 4 |  4.2
Conjurations   | 1 2 3 4 5 6 7 8 9 |  9.5
Armour         | 1 2 3 4 6 |  6.2
Shields        | 1 2 3 |  3.6
Transmutations | 1 |  1.2
Long Blades    | |  0.1
Translocations | |  0.2
Evocations     | |  0.2

Action                   |  1- 3 |  4- 6 |  7- 9 | 10-12 | 13-15 | 16-18 || total
-------------------------+-------+-------+-------+-------+-------+-------++-------
Melee: Dagger            |   109 |    31 |    14 |    16 |       |       ||   170
       Punch             |     2 |       |       |       |       |       ||     2
       Short sword       |       |    13 |       |       |       |       ||    13
       Scimitar          |       |       |       |       |    13 |     2 ||    15
 Cast: Sandblast         |    45 |    54 |    66 |   160 |    94 |     1 ||   420
       Stone Arrow       |     2 |    31 |   118 |   415 |   476 |     3 ||  1045
       Petrify           |       |       |       |    11 |     5 |       ||    16
       Iron Shot         |       |       |       |       |   358 |   206 ||   564
       Iskenderun's Myst |       |       |       |       |       |    15 ||    15
       Iskenderun's Batt |       |       |       |       |       |     9 ||     9
Evoke: Wand              |       |       |       |     6 |     3 |     3 ||    12
       Condenser vane    |       |       |       |     1 |       |       ||     1
       Box of beasts     |       |       |       |       |     1 |       ||     1
  Use: Scroll            |       |     5 |     7 |     9 |    15 |     1 ||    37
       Potion            |       |       |       |     6 |     5 |     1 ||    12
 Stab: Sleeping          |     4 |     1 |       |       |       |       ||     5
       Distracted        |       |     1 |       |       |       |       ||     1
Armor: Robe              |    18 |     5 |       |       |       |       ||    23
       Leather armour    |       |       |    21 |    94 |   130 |       ||   245
       Troll leather arm |       |       |       |       |    27 |    27 ||    54
Dodge: Dodged            |    91 |    42 |    31 |   129 |   186 |    44 ||   523
Block: Kite shield       |       |       |    24 |   155 |   172 |       ||   351
       Buckler           |       |       |       |       |    46 |    35 ||    81
